 Dungeon Crawl Stone Soup version 0.30-a0-168-g0b976cbdc4 (webtiles) character file.

Game seed: 9149033714012557873

1414 qw the Cleaver (level 8, 0/49 HPs)
             Began as a Gargoyle Fighter on Sept 29, 2022.
             Shot with an arrow by a centaur (3 damage)
             ... on level 6 of the Dungeon.
             The game lasted 00:02:01 (6375 turns).

qw the Cleaver (Gargoyle Fighter)                   Turns: 6375, Time: 00:02:02

Health: 0/49       AC: 19    Str: 23    XL:     8   Next: 71%
Magic:  8/8        EV:  8    Int:  8    God:
Gold:   377        SH:  4    Dex:  9    Spells: 7/7 levels left

rFire   . . .      SeeInvis +    Y - +1 war axe
rCold   . . .      Faith    .    c - +0 buckler
rNeg    + . .      Spirit   .    h - +0 chain mail
rPois   inf        Reflect  .    (no helmet)
rElec   +          Harm     .    (no cloak)
rCorr   .          Rampage  .    i - +1 pair of gloves
Will    ++...                    e - +1 pair of boots "Gets" {+Inv Will++}
Stlth   ..........               (no amulet)
HPRegen 0.16/turn                b - ring of see invisible
MPRegen 0.11/turn                (no ring)

@: no status effects
A: sickness immunity, AC +5, negative energy resistance 1, electricity
resistance, torment resistance 1, petrification resistance
a: Evoke Invisibility


You were on level 6 of the Dungeon.
You visited 1 branch of the dungeon, and saw 6 of its levels.

You collected 377 gold pieces.


Innate Abilities, Weirdness & Mutations

You are immune to sickness and miasma.
Your stone body is resilient. (AC +5)
You are immune to poison.
You resist negative energy. (rN+)
You are resistant to electric shocks. (rElec)
You are resistant to unholy torment.
You are immune to petrification.


   Skills:
 + Level 5.3 Fighting
 - Level 8.1 Axes
 - Level 4.5 Armour
 - Level 2.5 Dodging
 - Level 3.2 Shields


You had 7 spell levels left.
You didn't know any spells.
Your spell library was empty.

Inventory:

Hand Weapons
 l - a +0 flail of protection
 Y - a +1 war axe (weapon)
Armour
 c - a +0 buckler (worn)
 e - the +1 pair of boots "Gets" (worn) {+Inv Will++}
   (You acquired it on level 3 of the Dungeon)

   +Inv:      It lets you turn invisible.
   Will:      It greatly increases your willpower.
 h - a +0 chain mail (worn)
 i - a +1 pair of gloves (worn)
Jewellery
 b - a ring of see invisible (left hand)
Scrolls
 a - a scroll of identify
Potions
 d - a potion of might
 g - a potion of curing
 j - a potion of haste {unknown}
 m - a potion of lignification
 o - a potion of resistance {unknown}

Dungeon Overview and Level Annotations

Branches:
Dungeon (6/15)
 Temple: D:4-7

Altars:
Fedhas
Makhleb
Trog
Wu Jian


Message History

The centaur shouts!
The centaur wields a +0 shortbow.
The centaur shoots an arrow.
The arrow hits you.
An iguana comes into view.
You closely miss the yak.
The yak is heavily wounded.
The iguana hisses angrily.
The yak bellows! x2
The centaur shoots an arrow.
The arrow hits you but does no damage. The yak gores you but does no damage.
You slash the yak!
The yak is severely wounded.
You hit the yak but do no damage.
The yak gores you but does no damage. x2
You slash the yak!
The yak is almost dead.
You hit the yak but do no damage.
The centaur shoots an arrow.
The arrow hits you but does no damage.
The centaur shoots an arrow.
You block the arrow. The yak gores you but does no damage. The yak gores you!
You hit the yak.
You kill the yak!
You hit the yak.
The centaur shoots an arrow.
The arrow hits you but does no damage. The yak gores you but does no damage.
The centaur shoots an arrow.
The arrow hits you!
Your Armour skill increases to level 4!
You hit the yak.
The yak is heavily wounded.
You barely miss the iguana. The iguana bites you!
You hit the yak but do no damage.
The yak is heavily wounded.
You hit the iguana but do no damage. You hit the yak but do no damage.
The yak gores you but does no damage. x2
The iguana bites you but does no damage.
You hit the yak but do no damage.
The yak is heavily wounded.
You hit the yak. x2; You barely miss the iguana.
The centaur shoots an arrow.
The arrow hits you.
You die...

#......# #...#.#.....
#......# #.....#.....
#......# #...........
#......###...#....Y..
###......###..%....YY
#......#....#
#...#..#.YY.#
#...#...YY###
#...#.(.Y@..#
#...###..l..#
#...#..c.####
#####....# ....###
..... ##... ...


You could see 5 yaks, a centaur and an iguana.

Vanquished Creatures
  Sigmund (D:4)
  A yak (D:6)
  A steam dragon (D:4)
  2 water moccasins
  A black bear (D:6)
  A centaur (D:5)
  A necrophage (D:4)
  An orc priest (D:3)
  3 hounds
  An orc wizard (D:5)
  6 iguanas
  10 adders
  2 ufetubi
  8 dart slugs
  2 worms (D:2)
  16 orcs
  4 ball pythons
  4 bats
  7 endoplasms
  3 giant cockroaches
  5 goblins
  10 hobgoblins
  8 jackals
  6 quokkas
  4 frilled lizards
  9 kobolds
  5 rats
122 creatures vanquished.

Vanquished Creatures (others)
  A plant (D:4)
1 creature vanquished.

Grand Total: 123 creatures vanquished

Notes
Turn   | Place    | Note
-------+----------+-------------------------------------------
     0 | D:1      | qw the Gargoyle Fighter began the quest for the Orb.
     0 | D:1      | Reached XP level 1. HP: 14/14 MP: 1/1
     0 | D:1      | 0 ||| qw: Version: 0.2-a-12-gaebbb33
     0 | D:1      | 0 ||| qw: Game counter: 1246
     0 | D:1      | 0 ||| qw: Always use a shield: true
     0 | D:1      | 0 ||| qw: God list: Okawaru
     0 | D:1      | 0 ||| qw: Allow faded altars: false
     0 | D:1      | 0 ||| qw: Do Orc after D:15 true
     0 | D:1      | 0 ||| qw: Do second Lair branch before Depths: true
     0 | D:1      | 0 ||| qw: Lair rune preference: random
     0 | D:1      | 0 ||| qw: Plans: Normal, Zot:1-4, God:TSO, Crypt, Tomb,
                  | Pan, Slime:5, Hells, Abyss, Orb
     0 | D:1      | 0 ||| PLANNING D:1-11
    13 | D:1      | Reached skill level 2 in Axes
   319 | D:1      | Reached XP level 2. HP: 19/19 MP: 2/2
   717 | D:1      | 717 ||| Stepping ~*~*~tactically~*~*~ (stealth).
   811 | D:1      | Reached skill level 3 in Axes
  1017 | D:1      | 1017 ||| UPGRADING to +0 pair of gloves.
  1022 | D:1      | 1022 ||| READING scroll labelled YROCOU EPHI.
  1023 | D:1      | 1023 ||| READING scroll labelled AWAOGGA FIOT.
  1024 | D:1      | 1024 ||| READING 3 scrolls labelled OXOUWEKOTE.
  1025 | D:1      | 1025 ||| READING scroll labelled XIRUH OTOEZXAD.
  1026 | D:1      | 1026 ||| READING scroll labelled BONGIE PAOM.
  1027 | D:1      | 1027 ||| READING scroll labelled YSACSA PAOBB.
  1028 | D:1      | 1028 ||| DROPPING 2 scrolls of immolation.
  1087 | D:2      | 1087 ||| STAIRDANCE
  1138 | D:2      | Reached XP level 3. HP: 18/23 MP: 3/3
  1139 | D:2      | 1139 ||| STAIRDANCE
  1230 | D:2      | 1230 ||| Stepping ~*~*~tactically~*~*~ (hiding).
  1352 | D:2      | 1352 ||| Stepping ~*~*~tactically~*~*~ (stealth).
  1353 | D:2      | 1353 ||| Stepping ~*~*~tactically~*~*~ (stealth).
  1354 | D:2      | 1354 ||| Stepping ~*~*~tactically~*~*~ (stealth).
  1382 | D:2      | 1382 ||| READING scroll of enchant armour.
  1382 | D:2      | 1382 ||| ENCHANTING +0 pair of gloves.
  1401 | D:2      | 1401 ||| Stepping ~*~*~tactically~*~*~ (stealth).
  1690 | D:2      | Reached XP level 4. HP: 20/28 MP: 4/4
  1832 | D:2      | Reached skill level 4 in Axes
  1919 | D:2      | 1919 ||| Stepping ~*~*~tactically~*~*~ (stealth).
  1923 | D:2      | 1923 ||| Stepping ~*~*~tactically~*~*~ (stealth).
  1925 | D:2      | 1925 ||| Stepping ~*~*~tactically~*~*~ (hiding).
  2231 | D:2      | Found a faded altar of an unknown god.
  2344 | D:2      | 2344 ||| READING scroll labelled FIKYOM LUFIKH.
  2484 | D:3      | Reached XP level 5. HP: 24/32 MP: 5/5
  2562 | D:3      | 2562 ||| DROPPING +0 whip.
  2723 | D:3      | 2723 ||| Stepping ~*~*~tactically~*~*~ (stealth).
  2724 | D:3      | 2724 ||| Stepping ~*~*~tactically~*~*~ (stealth).
  2849 | D:3      | Reached skill level 5 in Axes
  3328 | D:3      | 3328 ||| READING scroll labelled ANAALI ENNINT.
  3328 | D:3      | Identified a scroll of acquirement
  3328 | D:3      | 3328 ||| ACQUIRING +1 pair of boots "Gets" {+Inv Will++}
  3328 | D:3      | Acquired the +1 pair of boots "Gets" {+Inv Will++}
  3330 | D:3      | 3330 ||| UPGRADING to +1 pair of boots "Gets" {+Inv
                  | Will++}.
  3335 | D:3      | 3335 ||| DRINKING 2 fizzy amethyst potions.
  3361 | D:3      | 3361 ||| DRINKING 2 bubbling blue potions.
  3465 | D:3      | 3465 ||| READING 5 scrolls of identify.
  3465 | D:3      | 3465 ||| IDENTIFYING red potion
  3466 | D:3      | 3466 ||| READING 4 scrolls of identify.
  3466 | D:3      | 3466 ||| IDENTIFYING fuming blue potion
  3467 | D:3      | 3467 ||| DROPPING potion of flight.
  3468 | D:3      | 3468 ||| DROPPING potion of berserk rage.
  3517 | D:4      | Noticed a steam dragon
  3520 | D:4      | HP: 4/33 [steam dragon (8)]
  3521 | D:4      | 3521 ||| DRINKING potion of heal wounds.
  3528 | D:4      | HP: 7/33 [steam dragon (6)]
  3530 | D:4      | HP: 1/33 [steam dragon (7)]
  3532 | D:4      | Killed a steam dragon
  3533 | D:4      | Reached XP level 6. HP: 1/40 MP: 6/6
  4050 | D:4      | Found an ornate altar of the Wu Jian Council.
  4050 | D:4      | Found a blossoming altar of Fedhas.
  4050 | D:4      | Found a bloodstained altar of Trog.
  4050 | D:4      | Noticed Sigmund
  4060 | D:4      | Killed Sigmund
  4061 | D:4      | Reached XP level 7. HP: 35/44 MP: 7/7
  4323 | D:4      | 4323 ||| Stepping ~*~*~tactically~*~*~ (hiding).
  4448 | D:4      | 4448 ||| Stepping ~*~*~tactically~*~*~ (hiding).
  5375 | D:4      | 5375 ||| DROPPING +0 scale mail of poison resistance.
  5376 | D:4      | 5376 ||| READING scroll labelled SICOEH AZYDIA.
  5381 | D:4      | 5381 ||| READING 2 scrolls labelled OSMENL DONIRHY.
  5382 | D:4      | 5382 ||| READING scroll labelled UCWUJE WIMNAUH.
  5383 | D:4      | 5383 ||| READING 3 scrolls of identify.
  5383 | D:4      | 5383 ||| IDENTIFYING glowing sapphire potion
  5384 | D:4      | 5384 ||| READING 2 scrolls of identify.
  5384 | D:4      | 5384 ||| IDENTIFYING bubbling dark potion
  5385 | D:4      | 5385 ||| DROPPING potion of degeneration.
  5386 | D:4      | 5386 ||| DROPPING scroll of amnesia.
  5403 | D:5      | Entered Level 5 of the Dungeon
  5406 | D:5      | 5406 ||| STAIRDANCE
  5427 | D:5      | 5427 ||| STAIRDANCE
  5438 | D:4      | 5438 ||| UPGRADING to +0 chain mail.
  5448 | D:4      | 5448 ||| DROPPING +0 scale mail.
  5476 | D:5      | 5476 ||| READING scroll of acquirement.
  5476 | D:5      | 5476 ||| ACQUIRING ring of see invisible
  5476 | D:5      | Acquired a ring of see invisible
  5478 | D:5      | 5478 ||| UPGRADING to ring of see invisible.
  5512 | D:5      | 5512 ||| Stepping ~*~*~tactically~*~*~ (hiding).
  5514 | D:5      | 5514 ||| Stepping ~*~*~tactically~*~*~ (hiding).
  5521 | D:5      | Reached skill level 6 in Axes
  5618 | D:5      | Reached XP level 8. HP: 48/49 MP: 8/8
  5638 | D:5      | 5638 ||| Stepping ~*~*~tactically~*~*~ (stealth).
  5640 | D:5      | 5640 ||| Stepping ~*~*~tactically~*~*~ (stealth).
  5767 | D:5      | Reached skill level 7 in Axes
  5955 | D:5      | Found a burning altar of Makhleb.
  5989 | D:5      | 5989 ||| DROPPING +0 flail.
  6100 | D:5      | 6100 ||| READING scroll labelled FYAMUM HOATURPH.
  6354 | D:6      | Noticed a yak
  6363 | D:6      | Reached skill level 8 in Axes
  6363 | D:6      | Noticed a yak
  6363 | D:6      | Noticed a yak
  6363 | D:6      | Noticed a yak
  6363 | D:6      | Noticed a yak
  6364 | D:6      | 6364 ||| Stepping ~*~*~tactically~*~*~ (stealth).
  6366 | D:6      | Noticed a yak
  6367 | D:6      | 6367 ||| Stepping ~*~*~tactically~*~*~ (stealth).
  6368 | D:6      | 6368 ||| Stepping ~*~*~tactically~*~*~ (stealth).
  6372 | D:6      | Killed a yak
  6372 | D:6      | HP: 9/49 [centaur/arrow (7)]
  6373 | D:6      | HP: 3/49 [iguana (7)]
  6375 | D:6      | Shot with an arrow by a centaur

Levels and vault maps discovered:
D:1:      amcnicky_arrival_flooded_fountain, layout_loops_corners
D:2:      layout_loops_ring, hellmonk_ecumenical_altar_inner_sanctum,
          minmay_misc_feat_square
D:3:      layout_basic, glass_columns_c
D:4:      layout_basic, gammafunk_temple_overflow_forgotten,
          kennysheep_generic_room_5, uniq_sigmund
D:5:      layout_cave_pools, mainiacjoe_overflow_24_doors
D:6:      layout_basic, mainiacjoe_overflow_alcove_2,
          mainiacjoe_overflow_alcove_1, hangedman_decor_push, nicolae_sextant

Skill      XL: |  1  2  3  4  5  6  7  8 |
---------------+-------------------------+-----
Axes           | 2 3 4 5 6 8 |  8.1
Fighting       | 5 |  5.3
Dodging        | 2 |  2.5
Armour         | 4 |  4.5
Shields        | |  3.2

Action                   |  1- 3 |  4- 6 |  7- 9 || total
-------------------------+-------+-------+-------++-------
Melee: War axe           |    82 |   160 |   173 ||   415
  Use: Scroll            |     7 |     4 |     7 ||    18
       Potion            |       |     3 |       ||     3
Armor: Scale mail        |    42 |    94 |    21 ||   157
       Chain mail        |       |       |    82 ||    82
Dodge: Dodged            |    32 |    71 |    65 ||   168
Block: Buckler           |    16 |    31 |    40 ||    87

Table legend:
 A = Non-vault XP
 B = Vault XP
 C = Vault XP percentage of total XP
 D = Non-vault monster count
 E = Vault monster count
 F = Vault count percentage of total count
                 A         B        C        D         E       F
            +---------+---------+-------+---------+---------+-------
      Total |    1793 |     227 |  11.2 |     120 |       2 |   1.6
            +---------+---------+-------+---------+---------+-------
        D:1 |      33 |       0 |   0.0 |      17 |       0 |   0.0
        D:2 |      94 |       0 |   0.0 |      30 |       0 |   0.0
        D:3 |     149 |       0 |   0.0 |      25 |       0 |   0.0
        D:4 |     353 |     227 |  39.1 |      23 |       2 |   8.0
        D:5 |     598 |       0 |   0.0 |      19 |       0 |   0.0
        D:6 |     566 |       0 |   0.0 |       6 |       0 |   0.0
            +---------+---------+-------+---------+---------+-------
